 Dungeon Crawl Stone Soup version 0.29.1-4-g47bece8355 (webtiles) character file.

Game seed: 16815563239849815350

11 xian the Sneak (level 2, -1/25 HPs)
             Began as a Palentonga Delver on Dec 10, 2022.
             Slain by an ufetubus (3 damage)
             ... on level 5 of the Dungeon.
             The game lasted 00:00:10 (355 turns).

xian the Sneak (Palentonga Delver)                   Turns: 355, Time: 00:00:11

Health: -1/25      AC:  4    Str: 17    XL:     2   Next: 13%
Magic:  2/2        EV:  9    Int: 10    God:
Gold:   30         SH:  0    Dex: 11    Spells: 1/1 levels left

rFire   . . .      SeeInvis +   a - +0 hand axe
rCold   . . .      Faith    .   (no shield)
rNeg    . . .      Spirit   .   b - +0 leather armour
rPois   .          Reflect  .   (no helmet)
rElec   .          Harm     .   (no cloak)
rCorr   .          Rampage  .   (no gloves)
Will    .....                   (no barding)
Stlth   ++........              (no amulet)
HPRegen 0.08/turn               (no ring)
MPRegen 0.08/turn               (no ring)

@: no status effects
A: large, rugged brown scales 3, see invisible, deformed body, roll 1, armoured
tail
a: Rolling Charge


You were on level 5 of the Dungeon.
You visited 1 branch of the dungeon, and saw 1 of its levels.

You collected 30 gold pieces.

Inventory:

Hand Weapons
 a - a +0 hand axe (weapon)
Armour
 b - a +0 leather armour (worn)
Wands
 g - a wand of digging (3)
Scrolls
 c - a scroll of fog
 d - a scroll of magic mapping
 e - a scroll of fear
Potions
 f - a potion of haste


   Skills:
 + Level 3.0 Fighting
 + Level 2.0 Axes
 + Level 1.6 Dodging
 + Level 3.7 Stealth


You had one spell level left.
You didn't know any spells.
Your spell library was empty.

Dungeon Overview and Level Annotations

Branches:
Dungeon (5/15)
 Temple: D:4-7

Altars:


Innate Abilities, Weirdness & Mutations

You are completely covered in rugged brown scales. (AC +3, +7% HP)
You have supernaturally acute eyesight. (SInv)
Armour fits poorly on your strangely shaped body.
You can roll at nearby foes to attack.
You have a long armoured tail.


Message History

You have reached level 2!
You feel sick.
You feel sick.
You feel sick.
You feel sick.
You feel sick.
You are no longer poisoned.
HP restored.
You see here a quokka skeleton.
Found a stone staircase leading up.
An ufetubus comes into view.
The ufetubus shouts!
The ufetubus barely misses you. The ufetubus closely misses you.
The ufetubus hits you. x2
You closely miss the ufetubus. The ufetubus hits you. x2
The ufetubus closely misses you. The ufetubus barely misses you.
You miss the ufetubus.
Your tail-slap misses the ufetubus.
Your punch misses the ufetubus.
The ufetubus hits you but does no damage.
The ufetubus barely misses you. The ufetubus closely misses you.
The ufetubus barely misses you.
You barely miss the ufetubus. The ufetubus barely misses you.
The ufetubus closely misses you.
You closely miss the ufetubus.
Your tail-slap misses the ufetubus.
The ufetubus hits you. The ufetubus misses you.
The ufetubus hits you but does no damage.
The ufetubus misses you.
You closely miss the ufetubus. The ufetubus hits you.
* * * LOW HITPOINT WARNING * * *
The ufetubus misses you. The ufetubus barely misses you.
The ufetubus hits you but does no damage.
You barely miss the ufetubus. The ufetubus hits you.
* * * LOW HITPOINT WARNING * * *
The ufetubus completely misses you. The ufetubus hits you.
* * * LOW HITPOINT WARNING * * *
The ufetubus completely misses you.
You miss the ufetubus.
The ufetubus hits you but does no damage. x2
The ufetubus barely misses you. The ufetubus hits you.
You die...

### #.. #.#
#5#####
#@....#
#####.#
..##.#
#.##.#
#.##.#
######.##.#
#.........#
#.###.#####
#.....#


You could see an ufetubus.

Vanquished Creatures
  An adder (D:5)
  A quokka (D:5)
2 creatures vanquished.

Notes
Turn   | Place    | Note
-------+----------+-------------------------------------------
     0 | D:5      | xian the Palentonga Delver began the quest for the Orb.
     0 | D:5      | Reached XP level 1. HP: 19/19 MP: 1/1
    95 | D:5      | Reached XP level 2. HP: 12/25 MP: 2/2
   355 | D:5      | Slain by an ufetubus

Illustrated notes

Levels and vault maps discovered:
D:5:      layout_basic, lemuel_crystal_altar, kennysheep_generic_room_13

Action                   || total
-------------------------++-------
Melee: Hand axe          ||    12
       Tailslap          ||     1
 Abil: Rolling Charge    ||     1
Armor: Leather armour    ||     5
Dodge: Dodged            ||    17
